 Dungeon Crawl Stone Soup version 0.20.0-15-g7f486f2 (webtiles) character file.

44 greprep the Shield-Bearer (level 3, 0/33 HPs)
             Began as a Minotaur Fighter on June 9, 2017.
             Succumbed to an adder's poison
             ... on level 1 of the Dungeon.
             The game lasted 00:02:14 (1022 turns).

greprep the Shield-Bearer (Minotaur Fighter)        Turns: 1022, Time: 00:02:15

Health: 0/33       AC:  7    Str: 26    XL:     3   Next: 39%
Magic:  2/2        EV:  8    Int: 10    God:
Gold:   25         SH: 10    Dex:  9    Spells: 2/2 levels left

rFire    . . .     SeeInvis .   g - -3 dagger (curse)
rCold    . . .     Gourm    .   c - +0 shield
rNeg     . . .     Faith    .   b - +0 scale mail
rPois    .         Spirit   .   (helmet unavailable)
rElec    .         Reflect  .   (no cloak)
rCorr    .         Harm     .   (no gloves)
MR       .....                  (no boots)
Stlth    ..........             (no amulet)
Regen    0.2/turn               (no ring)
MPRegen  0.1/turn               (no ring)

@: mighty, brilliant, lethally poisoned (0 -> -5)
A: retaliatory headbutt, horns 3, sturdy frame 1
a: no special abilities


You were on level 1 of the Dungeon.
You were hungry.

You visited 1 branch of the dungeon, and saw 2 of its levels.

You collected 25 gold pieces.

Inventory:

Hand Weapons
 a - a +0 long sword
 g - a cursed -3 dagger (weapon)
 j - a +1 short sword of freezing
Armour
 b - a +0 scale mail (worn)
 c - a +0 shield (worn)
Comestibles
 f - 2 bread rations


   Skills:
 + Level 3.9 Fighting
 + Level 0.7(2.0) Short Blades
 * Level 3.2(3.3) Long Blades
 + Level 3.9 Armour
 + Level 4.2 Shields


You had 2 spell levels left.
You didn't know any spells.

Dungeon Overview and Level Annotations

Branches:
Dungeon (2/15)

Altars:


Innate Abilities, Weirdness & Mutations

You reflexively headbutt those who attack you in melee.
You have a pair of large horns on your head.
Your movements are slightly less encumbered by armour. (ER -2)


Message History

You hit the adder. You headbutt the adder.
You kill the adder!
* * * LOW HITPOINT WARNING * * *
You feel sick.
It was a potion of brilliance.
You feel clever all of a sudden.
* * * LOW HITPOINT WARNING * * *
You feel sick.
It was a potion of mutation.
You feel extremely strange.
You feel less encumbered by your armour.
The horns on your head grow some more.
There is a lethal amount of poison in your body!
* * * LOW HITPOINT WARNING * * *
You feel sick.
You aren't carrying any spellbooks or scrolls.
You feel very mighty all of a sudden.
* * * LOW HITPOINT WARNING * * *
You feel sick.
You feel more clever all of a sudden.
You die...

#.# #†#.#.#.#.########
#.#####...#†#...#.......
#.....#####.#######....# #
#######...#.#...# #..... #
#.#.#.#.#(# #..... #######
#.#.....#.# #.....
......##########.#######)#
#(....
####...............#.###.#
#..... .#
##.##########@.##.##..###..)..
.# ### #...#.....)....... .#
#...#####.#.###### .#
#.........#.# ## .#
##.########.# #. .# #.# #.# #.
.# ##.## #.# #. .#
#####...#######.# #. ########
##...............# #†


There were no monsters in sight!

Vanquished Creatures
  An adder (D:1)
  An ooze (D:1)
  A worm (D:2)
  A leopard gecko (D:1)
  4 bats (D:1)
  2 giant cockroaches
  3 goblins (D:1)
  5 hobgoblins
  A frilled lizard (D:1)
  4 kobolds (D:1)
  4 rats (D:1)
27 creatures vanquished.

Notes
Turn   | Place    | Note
-------+----------+-------------------------------------------
     0 | D:1      | greprep the Minotaur Fighter began the quest for the Orb.
     0 | D:1      | Reached XP level 1. HP: 19/19 MP: 0/0
   142 | D:1      | Reached XP level 2. HP: 22/27 MP: 1/1
   273 | D:1      | Reached skill level 4 in Shields
   941 | D:2      | Reached XP level 3. HP: 33/33 MP: 2/2
  1018 | D:1      | Gained mutation: Your movements are slightly less encumbered by armour. (ER -2) [potion of mutation]
  1018 | D:1      | Gained mutation: You have a pair of large horns on your head. [potion of mutation]
  1020 | D:1      | HP: 1/33 [poisoned by an adder]
  1022 | D:1      | Succumbed to an adder's poison

Skill      XL: |  1  2 |
---------------+-------+-----
Shields        | 4 |  4.2
Long Blades    | 3 |  3.2
Fighting       | |  3.9
Short Blades   | |  0.7
Armour         | |  3.9

Action                   || total
-------------------------++-------
Melee: Long sword        ||    21
       Headbutt          ||    17
       Dagger            ||   113
  Use: Scroll            ||     1
       Potion            ||     4
Armor: Scale mail        ||    51
Dodge: Dodged            ||    30
Block: Shield            ||    47
